 Dungeon Crawl Stone Soup version 0.26-a0-1040-gbe3abf3417 (webtiles) character file.

Game seed: 811233495042827472

38 lorenzova the Conjurer (level 3, -2/19 HPs)
             Began as a Deep Elf Conjurer on Dec 11, 2020.
             Slain by a hobgoblin
             ... wielding a +0 club
             ... led by Robin
              (3 damage)
             ... on level 1 of the Dungeon.
             The game lasted 00:02:17 (1433 turns).

lorenzova the Conjurer (Deep Elf Conjurer)          Turns: 1433, Time: 00:02:18

Health: -2/19      AC:  2    Str:  4    XL:     3   Next: 25%
Magic:  7/10       EV: 13    Int: 23    God:
Gold:   33         SH:  0    Dex: 13    Spells: 7/10 levels left

rFire    . . .     SeeInvis .   (no weapon)
rCold    . . .     Faith    .   (no shield)
rNeg     . . .     Spirit   .   a - +0 robe
rPois    .         Reflect  .   (no helmet)
rElec    .         Harm     .   (no cloak)
rCorr    .         Rampage  .   (no gloves)
Will     .....                  (no boots)
Stlth    ++........             (no amulet)
HPRegen  0.06/turn              (no ring)
MPRegen  0.12/turn              (no ring)

@: no status effects
A: no striking features
a: no special abilities


You were on level 1 of the Dungeon.
You visited 1 branch of the dungeon, and saw 2 of its levels.

You collected 33 gold pieces.

Inventory:

Armour
 a - a +0 robe (worn)
 i - a +1 hat
Scrolls
 b - a scroll of remove curse {unknown}
 c - a scroll of enchant weapon {unknown}
 e - 2 scrolls of fog {unknown}
 f - a scroll of blinking {unknown}
 g - a scroll of magic mapping {unknown}
Potions
 d - 2 potions of curing {unknown}
 h - a potion of invisibility {unknown}


   Skills:
 - Level 2.4 Dodging
 - Level 2.4 Stealth
 + Level 4.2 Spellcasting
 + Level 5.0 Conjurations


You had 7 spell levels left.
You knew the following spells:

 Your Spells              Type           Power        Failure   Level
a - Magic Dart            Conj           ####         1%          1
b - Searing Ray           Conj           ####..       1%          2

Your spell library contained the following spells:

 Spells                   Type           Power        Failure   Level
 Dazzling Flash           Conj/Hex       ###...       11%         3
 Fulminant Prism          Conj/Hex       ###.......   34%         4
 Iskenderun's Mystic Bla  Conj/Tloc      ###.....     34%         4


Dungeon Overview and Level Annotations

Branches:
Dungeon (2/15)

Altars:

Annotations:
D:2 Robin


Message History

Press: ? - help, Shift-Dir - straight line, f/p - goblin
Aim: a goblin, wielding a +0 dagger (moderately wounded, strong, 0% to evade)
The magic dart hits the goblin.
The goblin is severely wounded.
The goblin hits you with a +0 dagger.
* * * LOW HITPOINT WARNING * * *
The rat misses you.
The hobgoblin hits you but does no damage.
The goblin barely misses you.
Casting: Magic Dart (safe; 1% risk of failure)
Confirm with . or Enter, or press ? or * to list all spells.
Aiming: Magic Dart (safe; 1% risk of failure)
Press: ? - help, Shift-Dir - straight line, f/p - goblin
Aim: a goblin, wielding a +0 dagger (severely wounded, strong, 0% to evade)
The magic dart hits the goblin!
You kill the goblin!
The rat bites you but does no damage. The hobgoblin completely misses you.
The goblin closely misses you. The hobgoblin hits you with a +0 club.
You die...

.......#.#.#.....................
#.#....#.#.#)#############.#.#[#.
.......#.#.#.# #..# #........
#.#..###.#...# #..# #..#.#.#.
.....# ###...# #..# ##.......
.##### #.#.# #..# #.####... .#
#####.#.#####..### #...##.#. .#
###.....##...##..#.# ###.##...
.###...#####..)g@..##.# #....#.
......## #..#>r...#.# #......
####### #..#g†.#.#.# #......
.....# #..#...#.#.# #...##.
)###.# ##......#.#.# #...#.. .#
#.######..##...#.#.#####...... .#
#.##.....##....#.#.#..##...... .#
#.##.#####.......#.....#...#.. .#
#....####........#.......#####


You could see a hobgoblin (strong), a goblin (strong) and a rat.

Vanquished Creatures
  2 dart slugs (D:1)
  A leopard gecko (D:1)
  4 bats (D:1)
  10 goblins
  5 hobgoblins (D:1)
  A frilled lizard (D:1)
  3 kobolds
  4 rats (D:1)
30 creatures vanquished.

Notes
Turn   | Place    | Note
-------+----------+-------------------------------------------
     0 | D:1      | lorenzova the Deep Elf Conjurer began the quest for the
                  | Orb.
     0 | D:1      | Reached XP level 1. HP: 10/10 MP: 6/6
   364 | D:1      | Reached XP level 2. HP: 15/15 MP: 5/8
   367 | D:1      | Learned a level 2 spell: Searing Ray
  1185 | D:1      | Reached skill level 5 in Conjurations
  1185 | D:1      | Reached XP level 3. HP: 19/19 MP: 7/10
  1300 | D:2      | Noticed Robin
  1433 | D:1      | Slain by a hobgoblin

Illustrated notes

Levels and vault maps discovered:
D:1:      eino_arrival_cavern_e, layout_rooms, serial_co_window_serial,
          co_window_corner_a, co_window_corner_a, co_window_paths_a,
          co_window_corner_a, co_window_corner_a, co_window_paths_a,
          co_window_paths_b, co_window_paths_a, co_window_paths_a,
          co_window_cross_2, co_window_unsneaky_path_c,
          co_window_of_opportunity_c, co_window_corner_b, co_window_cross_2,
          co_window_corner_b, co_window_paths_c, glass_columns_b,
          glass_columns_a, glass_columns_a
D:2:      layout_rooms, gammafunk_temple_overflow_statue, minmay_rat_hole,
          uniq_robin

Skill      XL: |  1  2 |
---------------+-------+-----
Spellcasting   | 4 |  4.2
Conjurations   | 5 |  5.0
Dodging        | |  2.4
Stealth        | |  2.4

Action                   || total
-------------------------++-------
 Cast: Magic Dart        ||    45
Armor: Robe              ||     2
Dodge: Dodged            ||    17

Table legend: (Time is in decaauts)
 A = Elapsed time spent in this place.
 B = Non-inter-level travel time spent in this place.
 C = Inter-level travel time spent in this place.
 D = Time resting spent in this place.
 E = Time spent auto-exploring this place.
 F = Levels seen in this place.
 G = Mean time per level.
                   A        B        C        D        E       F      G
               +--------+--------+--------+--------+--------+-----+--------+
         Total |   1434 |   1393 |     41 |    528 |    725 |   2 |  717.0 |
       Dungeon |   1434 |   1393 |     41 |    528 |    725 |   2 |  717.0 |
               +--------+--------+--------+--------+--------+-----+--------+

Top non-repeatable levels by time:
     D:1: 1421 daAuts
     D:2: 13 daAuts
